← All builds
Tech / Armada / Economy first / OBSERVED BUILD

Standard tech

Armada Tech (Eco) build order · Supreme Isthmus

Rushes T2 by 4:15, gets Advanced Metal Extractor around 5:28, hands off T2 constructors to Geo and the team, then scales eco and supplies the team's T2 needs through the rest of the game.

Usually first T2 con to Geo (83%)

#eco #t2 #team support · 1602 distinct matches · 255 players · 60% of Armada Tech games · team won 53% of 1912 · Recently observed

HOW TO PLAY IT

Key timing: T2 factory by 4:15

  1. Open 3 mex and heavy wind to fund a fast T2 rush.
  2. Put down Bot Lab, planning to eat it for reclaim soon after.
  3. Get Advanced Bot Lab up, hitting the T2 factory rush timing.
  4. Upgrade mex to Advanced Metal Extractor to lock in team metal income.
  5. Eat Advanced Bot Lab and keep sending cons to Geo and Pond.

Phase by phase

TYPICAL OF ITS 1602 GAMES
  1. 1
  2. 2
  3. 3
  4. 4
PLAY THE OPENING

Follow the example game's first 6:00 step by step: what to build now, what comes next, and where it goes. At 1× it keeps pace with your own game.

  1. 1

    Up to the Bot Lab

    Economy
    • Metal Extractor3Mex
    • Wind Turbine4Wind
    Order
    1. Bot LabBot Lab after 3 mex, 4 winddone ~1:18, middle half 1:13–1:32

    Some games also: energy storage (31%)

    By 1:01 in all: 3 mex · 4 wind

    The example game in this phase · 6 steps
    1. Mex ×2
    2. Wind ×2
    3. Mex
    4. Wind ×2
    5. Energy storage
    6. Bot LabBot Labdone 1:33 · typical 1:18
  2. 2

    Bot Lab to Advanced Bot Lab

    Economy
    • Metal Extractor1Mex
    • Wind Turbine8Wind
    • Energy Storage1Energy storage
    Order
    1. Advanced Bot LabAdvanced Bot Lab after 4 mex, 12 wind, 3 con turretdone ~4:16, middle half 4:04–4:30
    Builders
    • Construction Turret3 Con turret
    • Lazarus3 Lazarus
    • Construction Bot2 Con bot
    • Construction Bot1 Con bot for allies

    Some games also: converter (36%)

    By 3:18 in all: 4 mex · 12 wind · 1 energy storage · 3 con turret

    The example game in this phase · 24 steps
    1. Wind
    2. LazarusLazarus
    3. Wind ×3
    4. Construction BotCon bot
    5. Wind
    6. LazarusLazarus
    7. Con turret ×2
    8. Wind
    9. Mex
    10. Wind
    11. Construction BotCon bot
    12. Wind ×4
    13. LazarusLazarus
    14. Wind
    15. LazarusLazarus
    16. Wind
    17. Converter
    18. LazarusLazarus
    19. Converter
    20. Wind
    21. Converter
    22. Energy storage
    23. Converter ×3
    24. Advanced Bot LabAdvanced Bot Labdone 4:41 · typical 4:16
  3. 3

    Advanced Bot Lab to 5:00

    Economy
    • Wind Turbine3Wind
    Order
    1. Bot LabEat Bot Lab
    Builders
    • Advanced Construction Bot1 T2 con bot for allies

    Some games also: converter (35%)

    By 5:00 in all: 4 mex · 15 wind · 1 converter · 1 energy storage · 3 con turret

    The example game in this phase · 2 steps
    1. Bot LabEat Bot Labreclaimed for its metal
    2. SharpshooterSniper botfor Ponddone 5:03
  4. 4

    5:00 to 10:00

    Economy
    • Wind Turbine43Wind
    • Energy Converter6Converter
    Builders
    • Butler9 Butler
    • Advanced Construction Bot4 T2 con bot for allies
    • Advanced Construction Bot1 T2 con bot

    Some games also: con turret (43%) · Butler for allies (37%)

    By 10:00 in all: 4 mex · 58 wind · 8 converter · 1 energy storage · 3 con turret

    The example game in this phase · 189 steps
    1. Advanced Construction BotT2 con botfor Air
    2. Advanced Metal ExtractorT2 mex ×2done 6:20 · typical 5:29
    3. Advanced Construction BotT2 con botfor Geo
    4. Advanced Metal ExtractorT2 mex
    5. Advanced Construction BotT2 con botfor Geo sea
    6. Wind ×2
    7. ButlerButler
    8. Wind
    9. Advanced Metal ExtractorT2 mex
    10. ButlerButler
    11. Wind
    12. ButlerButler
    13. Wind
    14. ButlerButler
    15. Wind ×2
    16. ButlerButler
    17. Wind ×2
    18. ButlerButler
    19. Wind
    20. Converter
    21. ButlerButler
    22. Wind
    23. Converter
    24. Wind
    25. ButlerButler
    26. Wind
    27. Converter
    28. Wind
    29. ButlerButler
    30. Wind
    31. Converter
    32. Wind ×2
    33. ButlerButler
    34. Wind ×3
    35. Converter
    36. Wind ×3
    37. ButlerButler
    38. Wind ×6
    39. Converter
    40. Wind
    41. ButlerButler
    42. Wind ×4
    43. Converter
    44. Wind ×10
    45. Converter
    46. Wind ×5
    47. Converter
    48. Wind ×15
    49. Converter
    50. Wind ×7
    51. Advanced Construction BotT2 con botfor Beach sea
    52. Wind ×7
    53. Converter
    54. Wind ×7
    55. Advanced Construction BotT2 con botfor Suicide front
    56. Wind ×4
    57. Converter
    58. Wind ×14
    59. Advanced Construction BotT2 con botfor Pond
    60. Wind ×3
    61. Converter
    62. Wind ×12
    63. Converter
    64. Wind ×9
    65. Armada CommanderArmada Commander
    66. ButlerButler
    67. Wind ×3
    68. Con turret
    69. Wind ×4
    70. ButlerButler
    71. Wind ×7
    72. ButlerButler
    73. Wind ×2
    74. Con turret
    75. Wind ×2
    76. ButlerButler
    77. Wind ×5
    78. UmbrellaAnti-nukedone 12:27
    79. Wind ×5
    80. Converter
    81. Wind ×6
    82. Converter
    83. Wind ×9
    84. Converter
    85. Wind ×8
    86. Converter
    87. Con turret
    88. Wind ×7
    89. Converter
    90. Wind ×3
    91. TracerTracer
    92. Wind ×2
    93. Converter
    94. Wind
    95. Converter
    96. Con turret
    97. Wind ×3
    98. Converter
    99. Wind ×3
    100. Converter ×2
    101. Wind ×7
    102. Converter ×2
    103. Wind
    104. Converter
    105. Wind ×6
    106. PlatypusPlatypus
    107. Converter
    108. Wind
    109. Converter
    110. Wind
    111. Converter
    112. Wind
    113. Converter
    114. Wind ×3
    115. PlatypusPlatypus
    116. Wind
    117. Converter
    118. Wind
    119. Converter
    120. Wind
    121. PlatypusPlatypus
    122. Wind
    123. Converter
    124. Wind ×2
    125. Converter ×2
    126. Wind
    127. Converter
    128. Wind ×3
    129. PlatypusPlatypus
    130. Wind ×2
    131. Converter
    132. Wind ×2
    133. Converter
    134. PlatypusPlatypus
    135. Wind
    136. Converter
    137. Wind ×3
    138. Converter
    139. PlatypusPlatypus
    140. Converter ×2
    141. Wind ×4
    142. Converter
    143. Wind ×2
    144. PlatypusPlatypus
    145. Wind ×3
    146. Converter ×3
    147. PlatypusPlatypus
    148. Wind ×5
    149. PlatypusPlatypus
    150. Wind
    151. Converter
    152. Wind ×2
    153. Converter
    154. Wind ×2
    155. PlatypusPlatypus
    156. Converter ×2
    157. Wind ×4
    158. PlatypusPlatypus
    159. Wind ×2
    160. Converter
    161. Wind
    162. Converter
    163. Wind ×2
    164. Converter
    165. PlatypusPlatypus
    166. Wind ×3
    167. Converter
    168. PlatypusPlatypus
    169. Wind ×2
    170. Converter
    171. Wind
    172. Converter
    173. Wind ×2
    174. PlatypusPlatypus
    175. Wind
    176. Converter
    177. Wind ×2
    178. Converter
    179. Wind
    180. PlatypusPlatypus
    181. Wind ×2
    182. Converter
    183. Wind
    184. Converter ×2
    185. Wind ×2
    186. PlatypusPlatypus
    187. Converter
    188. Wind ×4
    189. PlatypusPlatypus

Counts are medians over the build's games: half of them build more, half fewer. The example game is isbedabrick's (32 OS, 27/08/2026); pick another.

Team trades

IN AT LEAST 30% OF ITS GAMES

You hand over

  • Construction Bot1 Con bot to Airfirst at 2:23 · in 84% of games
  • Advanced Construction Bot5 T2 con bot to Air or Geo sea or Pondfirst at 4:50 · in 99% of games
  • Butler2 Butler to Geo sea or Beach sea or Pondfirst at 9:06 · in 42% of games

You get

  • Hercules1 Light transport from Airfirst at 4:01 · in 86% of games

How it plays out

Typical game of this build, running totals by minute

Metal produced

020k40k
0:005:0010:0015:00

metal

Enemy metal destroyed

050100150
0:005:0010:0015:00

metal

Own metal lost

050100150
0:005:0010:0015:00

metal

1912 games.

Show as table
ByMetal produced: This buildEnemy metal destroyed: This buildOwn metal lost: This build
1:0038300
2:0091500
3:00165200
4:00314400
5:00484800
6:00579900
7:00722700
8:00906500
9:001118000
10:001352000
11:001624200
12:001965200
13:002343000
14:0027286074
15:0031503108130
WHAT THE NUMBERS SAY

Standard Tech play barely fights at all early, instead pouring metal into T2 infrastructure and constructors for the team.

  • + Metal produced hits 31679 by 15:00, by far the highest of any role here.
  • + T2 factory reached in 97% of games by 4:15, fastest and most reliable T2 timing.
  • − Enemy metal destroyed stays at 0 through 10:00, no early offense at all.
  • − Own metal lost also near 0, showing total avoidance of combat risk.
THE EXAMPLE YOU ARE READING

isbedabrick

31.8 OS · 27/08/2026

Open source match ↗

10 received units · includes a constructor
1960 metal received · 121836 energy received

Allied construction assistance is unknown. Timings are observations, not a promise of solo reproducibility.

Typical milestones

Bot Lab1:18Middle 50%: 1:13–1:32 · n=1912
Advanced Bot Lab4:16Middle 50%: 4:04–4:30 · n=1905
Advanced Metal Extractor5:29Middle 50%: 5:05–5:59 · n=1908

Played most by

Amrissa97games of this buildTheGeneraI70games of this buildAdeus57games of this buildEl_Turco55games of this buildKOT_44games of this build